 Dungeon Crawl Stone Soup version 0.29.1-15-g9cfb28693d (webtiles) character file.

Game seed: 16946453460248104459

419 Ijustatesigmund the Conjurer (level 6, -8/37 HPs)
             Began as a Deep Elf Conjurer on Feb 28, 2023.
             Was an Initiate of Vehumet.
             Mangled by Duvessa
             ... wielding a +3 rapier of venom
              (14 damage)
             ... on level 5 of the Dungeon.
             The game lasted 00:08:47 (4990 turns).

Ijustatesigmund the Conjurer (Deep Elf Conjurer)    Turns: 4990, Time: 00:08:47

Health: -8/37      AC:  3    Str:  4      XL:     6   Next: 62%
Magic:  10/16      EV: 12    Int: 21 (23) God:    Vehumet [......]
Gold:   267        SH:  0    Dex: 13      Spells: 10/16 levels left

rFire   . . .      SeeInvis .   e - +0 hand axe (chaos)
rCold   . . .      Faith    .   (no shield)
rNeg    . . .      Spirit   .   a - +1 robe
rPois   .          Reflect  .   (no helmet)
rElec   .          Harm     .   (no cloak)
rCorr   .          Rampage  .   (no gloves)
Will    ++...                   (no boots)
Stlth   ++........              (no amulet)
HPRegen 0.12/turn               i - ring of willpower
MPRegen 0.15/turn               o - ring of willpower

@: lethally poisoned (-8 -> -11)
A: deterioration 1, dopey 1, robust 1
a: Renounce Religion


You were on level 5 of the Dungeon.
You worshipped Vehumet.
Vehumet was noncommittal.
You visited 2 branches of the dungeon, and saw 6 of its levels.

You collected 267 gold pieces.

Inventory:

Hand Weapons
 e - a +0 hand axe of chaos (weapon)
Armour
 a - a +1 robe (worn)
Jewellery
 i - a ring of willpower (left hand)
 o - a ring of willpower (right hand)
Wands
 h - a wand of flame (13)
Scrolls
 g - a scroll of enchant armour
 j - a scroll of fog
 m - 2 scrolls of blinking
 r - a scroll of immolation
Potions
 b - a potion of magic
 c - a potion of might
 d - a potion of curing
 f - a potion of ambrosia
 k - 2 potions of brilliance {unknown}
 l - a potion of lignification {unknown}
 q - 2 potions of haste {unknown}
 t - a potion of degeneration {unknown}


   Skills:
 - Level 1.3 Fighting
 - Level 2.4 Dodging
 - Level 2.4 Stealth
 + Level 5.7 Spellcasting
 + Level 6.1 Conjurations
 + Level 3.8 Earth Magic


You had 10 spell levels left.
You knew the following spells:

 Your Spells              Type           Power      Damage    Failure   Level
a - Magic Dart            Conj           100%       1d8       1%          1
b - Searing Ray           Conj           62%        2d6       1%          2
c - Stone Arrow           Conj/Erth      54%        3d10      3%          3

Your spell library contained the following spells:

 Spells                   Type           Power      Damage    Failure   Level
 Dazzling Flash           Conj/Hex       36%        N/A       9%          3
 Fulminant Prism          Conj/Hex       9%         3d7       28%         4
 Iskenderun's Mystic Bla  Conj/Tloc      18%        2d6       28%         4
 Frozen Ramparts          Ice            12%        1d2       30%         3
 Animate Armour           Summ/Erth      28%        N/A       41%         4
 Ice Form                 Ice/Tmut       6%         N/A       69%         4
 Summon Ice Beast         Ice/Summ       6%         N/A       69%         4
 Lehudib's Crystal Spear  Conj/Erth      13%        10d5      100%        8


Dungeon Overview and Level Annotations

Branches:
Dungeon (5/15)             Temple (1/1) D:5

Altars:
Ashenzari
Dithmenos
Hepliaklqana
Kikubaaqudgha
Makhleb
Sif Muna
Trog
Vehumet
Wu Jian
Xom
Yredelemnul
Zin

Annotations:
D:3 1 runed translucent door, unrecovered's ghost, amateur MiCK
D:5 2 transporters, Duvessa; vampirul's ghost, novice TrFi


Innate Abilities, Weirdness & Mutations

Your body sometimes deteriorates upon taking damage.
You are dopey. (Int -2)
You are robust. (+10% HP)


Message History

You feel extremely sick.
There is a staircase back to the Dungeon here.
You start resting.
You feel very sick. x2
You feel sick. x8
You are no longer poisoned.
You start resting.
Magic restored.
You start resting.
HP restored.
You climb upwards.
Welcome back to the Dungeon!
Level annotation: 2 transporters, Duvessa; vampirul's ghost, novice TrFi Duvessa hits you with a +3 rapier of venom!
Duvessa hits you with a +3 rapier of venom.
You are poisoned.
There is a staircase to the Ecumenical Temple, spattered with blood here.
Okay, then.
Casting: Stone Arrow (dangerous; 3% risk of failure)
Confirm with . or Enter, or press ? or * to list all spells.
Aiming: Stone Arrow (dangerous; 3% risk of failure)
Press: ? - help, Shift-Dir - straight line, f - Duvessa
Aim: Duvessa, wielding a +3 rapier of venom and wearing a +3 chain mail of cold resistance (83% to hit)
The stone arrow hits Duvessa!
Duvessa is heavily wounded.
You feel sick. Duvessa closely misses you.
Casting: Stone Arrow (dangerous; 3% risk of failure)
Confirm with . or Enter, or press ? or * to list all spells.
Aiming: Stone Arrow (dangerous; 3% risk of failure)
Press: ? - help, Shift-Dir - straight line, f/p - Duvessa
Aim: Duvessa, wielding a +3 rapier of venom and wearing a +3 chain mail of cold resistance (heavily wounded, 83% to hit)
The stone arrow hits Duvessa but does no damage.
Duvessa is heavily wounded.
You feel sick.
Duvessa hits you with a +3 rapier of venom!
* * * LOW HITPOINT WARNING * * *
Okay, then.
Okay, then.
You feel sick.
Duvessa hits you with a +3 rapier of venom!
You die...

#. . .. #. #. ..#.#.#..#
#. .##.#.#.#..## #. #
...........# #.
#.##.#.##.#..# ##
...#....#..# #####
#..e#.....# #.)..
...#.#.@.#.##..#####.###
#......................
#....#รท#.#...######.###
...##.#.#.#.#.# ..... #.
. ......#.# ###.### #
.#.##.#....# #.#
#.#....#.##.. #.# . .
......... #.# ##
#.#...#### #.#


You could see Duvessa.

Vanquished Creatures
  A black bear (D:5)
  An ogre (D:3)
  A scorpion (D:5)
  An orc wizard (D:2)
  5 adders
  An ufetubus (D:4)
  A worm (D:2)
  2 dart slugs
  12 orcs
  8 ball pythons
  4 bats
  7 endoplasms
  4 giant cockroaches
  15 goblins
  13 hobgoblins
  3 quokkas
  A frilled lizard (D:1)
  6 kobolds
  8 rats
94 creatures vanquished.

Notes
Turn   | Place    | Note
-------+----------+-------------------------------------------
     0 | D:1      | Ijustatesigmund the Deep Elf Conjurer began the quest for
                  | the Orb.
     0 | D:1      | Reached XP level 1. HP: 10/10 MP: 6/6
   174 | D:1      | Reached XP level 2. HP: 15/15 MP: 5/8
   286 | D:1      | Learned a level 2 spell: Searing Ray
   452 | D:1      | Gained mutation: You are dopey. (Int -2) [potion of
                  | mutation]
   452 | D:1      | Gained mutation: Your body sometimes deteriorates upon
                  | taking damage. [potion of mutation]
   452 | D:1      | Gained mutation: You are robust. (+10% HP) [potion of
                  | mutation]
   789 | D:1      | Reached skill level 5 in Conjurations
   789 | D:1      | Reached XP level 3. HP: 20/20 MP: 8/10
   817 | D:1      | Learned a level 3 spell: Stone Arrow
  1436 | D:2      | Reached skill level 1 in Earth Magic
  1463 | D:2      | Reached XP level 4. HP: 25/26 MP: 3/12
  2357 | D:3      | Reached skill level 1 in Fighting
  2975 | D:2      | Reached XP level 5. HP: 31/31 MP: 9/13
  3698 | D:3      | Noticed an ogre
  3704 | D:3      | Killed an ogre
  3705 | D:3      | Reached skill level 5 in Spellcasting
  3840 | D:3      | Found a broken altar of Ashenzari.
  3863 | D:3      | Found a runed translucent door.
  3912 | D:3      | Noticed unrecovered's ghost (amateur MiCK)
  3912 | D:3      | Noticed an orc warrior
  3988 | D:4      | Reached XP level 6. HP: 37/37 MP: 10/15
  4023 | D:4      | Found a radiant altar of Vehumet.
  4032 | D:4      | Became a worshipper of Vehumet
  4246 | D:4      | You fall into a shaft and drop 1 floor!
  4246 | D:5      | Entered Level 5 of the Dungeon
  4247 | D:5      | Found a transporter.
  4247 | D:5      | Found a transporter.
  4247 | D:5      | Noticed vampirul's ghost (novice TrFi)
  4437 | D:5      | Found a staircase to the Ecumenical Temple.
  4447 | Temple   | Entered the Ecumenical Temple
  4705 | D:5      | Noticed Duvessa
  4709 | D:5      | Reached skill level 6 in Conjurations
  4990 | D:5      | Mangled by Duvessa

Illustrated notes

Levels and vault maps discovered:
D:1:      dpeg_arrival_another_circle, layout_loops_ring, st_stairs_7,
          minmay_tripent
D:2:      layout_basic, serial_glass, glass_columns_c, glass_columns_b,
          minmay_misc_feat_enclosed
D:3:      layout_basic, mainiacjoe_overflow_alcove_2, ebering_ghost_inner_flame,
          guppyfry_early_orc_mine
D:4:      layout_rooms, lemuel_tele_altar, vehumet_altar_wand_db,
          sigmund_edmund_badplayer
D:5:      layout_loops_ring, mainiacjoe_overflow_alcove_4,
          mainiacjoe_overflow_small_starburst, minmay_temple_entry_ruins,
          gammafunk_ghost_hive, uniq_duvessa, uniq_ijyb
Temple:   dpeg_chambers_temple

Skill      XL: |  1  2  3  4  5  6 |
---------------+-------------------+-----
Spellcasting   | 4 5 |  5.7
Conjurations   | 5 6 |  6.1
Earth Magic    | 1 2 3 |  3.8
Fighting       | 1 |  1.3
Dodging        | |  2.4
Stealth        | |  2.4

Action                   |  1- 3 |  4- 6 || total
-------------------------+-------+-------++-------
Melee: Hand axe          |       |     7 ||     7
 Cast: Magic Dart        |    77 |    81 ||   158
       Stone Arrow       |       |     7 ||     7
       Searing Ray       |       |     2 ||     2
  Use: Scroll            |     1 |    13 ||    14
       Potion            |     1 |       ||     1
Armor: Robe              |     1 |     4 ||     5
Dodge: Dodged            |     2 |    14 ||    16
